 Dungeon Crawl Stone Soup version 0.25-a0-614-g73ad250637 (webtiles) character file.

Game seed: 17120811819241334161, levelgen mode: deterministic

106 Amnesiac the Cutter (level 4, -16/23 HPs)
             Began as a Spriggan Berserker on Mar 17, 2020.
             Demolished by a polar bear (30 damage)
             ... created by the rage of Trog
             ... on level 4 of the Dungeon.
             The game lasted 00:03:54 (946 turns).

Amnesiac the Cutter (Spriggan Berserker)             Turns: 946, Time: 00:03:55

Health: -16/23     AC:  2    Str: 14    XL:     4   Next: 55%
Magic:  5/5        EV: 19    Int:  8    God:
Gold:   83         SH:  0    Dex: 15    Spells: 3/3 levels left

rFire    . . .     SeeInvis +   a - +0 short sword
rCold    . . .     Gourm    .   (shield restricted)
rNeg     . . .     Faith    .   b - +0 animal skin
rPois    .         Spirit   .   (helmet restricted)
rElec    .         Reflect  .   (no cloak)
rCorr    .         Harm     .   (gloves unavailable)
MR       +....                  (boots unavailable)
Stlth    +.........             (no amulet)
HPRegen  0.07/turn              d - ring of protection from magic
MPRegen  0.09/turn              (no ring)

@: slowed, quick
A: very small, unfitting armour, see invisible, herbivore, speed 3, slow
metabolism 2
a: no special abilities


You were on level 4 of the Dungeon.
You were not hungry.

You visited 1 branch of the dungeon, and saw 5 of its levels.

You collected 83 gold pieces.

Inventory:

Hand Weapons
 a - a +0 short sword (weapon)
Armour
 b - a +0 animal skin (worn)
Jewellery
 d - a ring of protection from magic (left hand)
Scrolls
 f - a scroll of fear {!r, unknown}
 g - a scroll of noise {!r, unknown}
 k - a scroll of immolation {!r, unknown}
Potions
 e - a potion of might {!q, unknown}
 h - a potion of heal wounds {!q, unknown}
 i - a potion of magic {!q, unknown}
 j - a potion of lignification {!q, unknown}
Comestibles
 c - a ration


   Skills:
 - Level 2.4 Fighting
 + Level 5.9 Short Blades
 - Level 4.4 Dodging


You had 3 spell levels left.
You didn't know any spells.
Your spell library was empty.

Dungeon Overview and Level Annotations

Branches:
Dungeon (5/15)
 Temple: D:4-7

Altars:
Gozag
Zin

Annotations:
D:4 3 runed translucent doors


Innate Abilities, Weirdness & Mutations

You are very small and have problems with some larger weapons.
You are too small for most types of armour.
You have supernaturally acute eyesight. (SInv)
You are a herbivore.
You cover ground extremely quickly.
You need to consume almost no food.


Message History

Found a scroll labeled FUFRUA ZOGARHO.
A bullfrog skeleton is nearby!
The helpless bullfrog skeleton fails to defend itself.
You puncture the bullfrog skeleton!
The bullfrog skeleton is moderately damaged.
The bullfrog skeleton hits you.
You hit the bullfrog skeleton.
The bullfrog skeleton is heavily damaged.
The bullfrog skeleton closely misses you.
You hit the bullfrog skeleton but do no damage.
The bullfrog skeleton is heavily damaged.
The bullfrog skeleton misses you.
You hit the bullfrog skeleton.
The bullfrog skeleton is severely damaged.
The bullfrog skeleton hits you.
You hit the bullfrog skeleton.
The bullfrog skeleton is almost destroyed.
The bullfrog skeleton hits you.
You barely miss the bullfrog skeleton.
The bullfrog skeleton is almost destroyed.
The bullfrog skeleton barely misses you.
You hit the bullfrog skeleton but do no damage.
The bullfrog skeleton is almost destroyed.
The bullfrog skeleton closely misses you.
You hit the bullfrog skeleton.
The bullfrog skeleton is almost destroyed.
The bullfrog skeleton misses you.
You hit the bullfrog skeleton but do no damage.
The bullfrog skeleton is almost destroyed.
The bullfrog skeleton misses you.
You hit the bullfrog skeleton but do no damage.
The bullfrog skeleton is almost destroyed.
The bullfrog skeleton barely misses you.
The bullfrog skeleton completely misses you.
You puncture the bullfrog skeleton!
You destroy the bullfrog skeleton!
You start resting.
The worker ant is too close now for your liking.
A leopard gecko skeleton comes into view.
The worker ant twitches its antennae in your direction.
You hit the leopard gecko skeleton.
The leopard gecko skeleton is almost destroyed.
The leopard gecko skeleton completely misses you.
You puncture the leopard gecko skeleton!
You destroy the leopard gecko skeleton!
Found 15 stones.
You see here 15 stones.
m - a scroll labeled FUFRUA ZOGARHO {!r} Trog sends monsters to punish you.
The divine experience drains your vigour!
You feel yourself slow down. 4 polar bears and a black bear come into view.
Really read
m - a scroll labeled FUFRUA ZOGARHO {!r}?
As you read the scroll labeled FUFRUA ZOGARHO {!r}, it crumbles to dust.
You feel blessed for a moment.
It was a scroll of remove curse {!r}.
Really read
l - a scroll labeled CAZA GEEGOFUODUE {!r}?
As you read the scroll labeled CAZA GEEGOFUODUE {!r}, it crumbles to dust.
The scroll dissolves into smoke.
It was a scroll of fog {!r}.
The black bear barely misses you. The black bear claws you.
The black bear misses you. The polar bear misses you.
The polar bear closely misses you. The polar bear misses you.
The polar bear bites you!!
Ouch! That really hurt!
You die...

#.# #.#... ...## #.#
#.#.## ##...## #.#
#....####.....# #.#
#....a.a......# #.#
#....####.....# #.# #.####
##....# #.# #h# ##.#.# #.#
#h# #a#.# #.#
#@#########.#.# #.#
#hhh...a.##.#.# #.#
########.##.#.# #.#
#.##.#.#### #.#
#.##....... ##.##
#..........
#...#################.####
#.....................#
#...###################


You could see 4 polar bears and a black bear (berserk).

Vanquished Creatures
  A hound (D:4)
  2 bullfrog skeletons (D:4)
  A dart slug (D:1)
  A leopard gecko (D:4)
  5 orcs (D:4)
  2 hobgoblins
  A frilled lizard (D:1)
  2 goblins
  A leopard gecko skeleton (D:4)
16 creatures vanquished.

Notes
Turn   | Place    | Note
-------+----------+-------------------------------------------
     0 | D:1      | Amnesiac the Spriggan Berserker began the quest for the
                  | Orb.
     0 | D:1      | Reached XP level 1. HP: 11/11 MP: 2/2
     2 | D:1      | Noticed a human
     2 | D:1      | Noticed an octopode
     4 | D:1      | Noticed an elf
     4 | D:1      | Noticed a demonspawn
     6 | D:1      | Noticed a ghoul
     6 | D:1      | Noticed a merfolk
     8 | D:1      | Noticed a centaur
     8 | D:1      | Noticed an ogre
    10 | D:1      | Noticed a troll
    14 | D:1      | Noticed a halfling
    14 | D:1      | Noticed a vine stalker
    16 | D:1      | Noticed a naga
    18 | D:1      | Noticed a spriggan
    18 | D:1      | Noticed a formicid
    21 | D:1      | Noticed a demigod
    21 | D:1      | Noticed a minotaur
    23 | D:1      | Noticed a tengu
    23 | D:1      | Noticed a dwarf
    25 | D:1      | Noticed a vampire
    25 | D:1      | Noticed a felid
    27 | D:1      | Noticed a gargoyle
    27 | D:1      | Noticed a draconian
   357 | D:3      | Reached XP level 2. HP: 16/16 MP: 3/3
   375 | D:4      | Found a runed translucent gate.
   376 | D:4      | Found a runed translucent gate.
   376 | D:4      | Found a runed translucent gate.
   473 | D:4      | Reached skill level 4 in Short Blades
   505 | D:4      | Reached XP level 3. HP: 11/19 MP: 4/4
   509 | D:4      | Fell from the grace of Trog
   583 | D:5      | Entered Level 5 of the Dungeon
   650 | D:4      | Reached skill level 5 in Short Blades
   650 | D:4      | Reached XP level 4. HP: 22/23 MP: 5/5
   693 | D:4      | Found an opulent altar of Gozag.
   762 | D:4      | Found a glowing silver altar of Zin.
   945 | D:4      | Noticed a polar bear
   945 | D:4      | Noticed a polar bear
   945 | D:4      | Noticed a polar bear
   945 | D:4      | Noticed a black bear
   945 | D:4      | Noticed a polar bear
   946 | D:4      | Demolished by a polar bear

Levels and vault maps discovered:
D:1:      kb_arrival_jail, layout_loops_ring
D:2:      layout_basic, nrook_loot_triangle
D:3:      layout_loops_ring, okawaru_trees_1, first_ration
D:4:      kennysheep_goblin_castle, layout_loops_ring, kennysheep_mini_moat,
          overflow_temple_1_default, minmay_temple_entry_glassed_door,
          gammafunk_ghost_cemetery
D:5:      layout_gridville, gammafunk_temple_overflow_claw, serial_shops,
          nicolae_shop_behind_doors, uniq_prince_ribbit1

Skill      XL: |  1  2  3 |
---------------+----------+-----
Short Blades   | 4 5 |  5.9
Fighting       | |  2.4
Dodging        | |  4.4

Action                   |  1- 3 |  4- 6 || total
-------------------------+-------+-------++-------
Melee: Short sword       |    63 |    30 ||    93
Invok: Renounce Religion |     1 |       ||     1
  Use: Scroll            |     1 |     2 ||     3
 Stab: Sleeping          |     1 |     1 ||     2
Armor: Animal skin       |     3 |       ||     3
Dodge: Dodged            |    53 |    26 ||    79

Table legend:
 A = Non-vault XP
 B = Vault XP
 C = Vault XP percentage of total XP
 D = Non-vault monster count
 E = Vault monster count
 F = Vault count percentage of total count
                 A         B        C        D         E       F
            +---------+---------+-------+---------+---------+-------
      Total |     152 |       0 |   0.0 |      16 |       0 |   0.0
            +---------+---------+-------+---------+---------+-------
        D:1 |       8 |       0 |   0.0 |       4 |       0 |   0.0
        D:3 |       4 |       0 |   0.0 |       2 |       0 |   0.0
        D:4 |     140 |       0 |   0.0 |      10 |       0 |   0.0
            +---------+---------+-------+---------+---------+-------
